 Dungeon Crawl Stone Soup version 0.17-a0-1979-g1c74939 (webtiles) character file.

1073 magipi the Caller (level 8, -2/62 HPs)
             Began as a Naga Wizard on Oct 5, 2015.
             Was a Follower of Yredelemnul.
             Killed by divine providence
             ... invoked by an orc priest
              (13 damage)
             ... on level 6 of the Dungeon.
             The game lasted 00:31:24 (5466 turns).

magipi the Caller (Naga Wizard)                     Turns: 5466, Time: 00:31:25

Health: -2/62      AC:  6    Str: 11    XL:     8   Next: 28%
Magic:  8/15       EV:  9    Int: 18    God:    Yredelemnul [*.....]
Gold:   68         SH:  0    Dex: 11    Spells: 3 memorised, 10 levels left

rFire  . . .     SeeInvis +     a - +2 dagger (drain)
rCold  + . .     Clarity  .     r - +2 leather armour {rC+}
rNeg   + . .     SustAt   .     (no shield)
rPois  +         Gourm    .     t - +0 hat
rElec  .         Spirit   .     (no cloak)
rCorr  .         Warding  .     (no gloves)
rMut   .         Stasis   .     (no barding)
MR     ++...                    (no amulet)
Stlth  ++........               m - ring of positive energy
                                v - ring of protection from magic

@: short of breath, very slow, very resistant to hostile enchantments,
unstealthy
A: see invisible, deformed body, poison resistance, slowness 2, slow metabolism
1, spit poison 2, AC +2
a: Spit Poison, Animate Remains, Renounce Religion


You were on level 6 of the Dungeon.
You worshipped Yredelemnul.
Yredelemnul was aware of your devotion.
You were not hungry.

You visited 1 branch of the dungeon, and saw 6 of its levels.

You collected 268 gold pieces.
You spent 200 gold pieces at shops.

Notes
Turn   | Place    | Note
--------------------------------------------------------------
     0 | D:1      | magipi the Naga Wizard began the quest for the Orb.
     0 | D:1      | Reached XP level 1. HP: 15/15 MP: 4/4
   559 | D:2      | Reached XP level 2. HP: 11/22 MP: 0/6
   896 | D:2      | Reached XP level 3. HP: 16/28 MP: 2/7
  1729 | D:2      | Learned a level 2 spell: Call Imp
  1857 | D:2      | Reached XP level 4. HP: 30/36 MP: 6/8
  1866 | D:2      | Learned a level 3 spell: Conjure Flame
  2325 | D:3      | Reached skill level 4 in Conjurations
  2414 | D:3      | Found a basalt altar of Yredelemnul.
  2421 | D:3      | Became a worshipper of Yredelemnul the Dark
  2669 | D:3      | Reached XP level 5. HP: 33/42 MP: 7/9
  2817 | D:3      | Noticed a black bear
  2824 | D:3      | Killed a black bear
  2824 | D:3      | Reached skill level 1 in Fire Magic
  3012 | D:3      | Reached XP level 6. HP: 49/49 MP: 5/10
  3279 | D:4      | Reached skill level 5 in Conjurations
  3337 | D:4      | Found Qonoyrra's General Store.
  3347 | D:4      | Bought a potion of degeneration for 10 gold pieces
  3559 | D:4      | Reached XP level 7. HP: 55/55 MP: 3/11
  3642 | D:4      | Bought a +2 leather armour of cold resistance for 190 gold pieces
  3972 | D:5      | Entered Level 5 of the Dungeon
  4455 | D:5      | Reached skill level 5 in Summonings
  4563 | D:5      | Reached XP level 8. HP: 51/62 MP: 14/14
  4569 | D:5      | Acquired Yredelemnul's first power
  4581 | D:5      | Found an iron altar of Okawaru.
  5099 | D:5      | Got an encrusted falchion
  5411 | D:6      | Found a sparkling altar of Nemelex Xobeh.
  5425 | D:6      | Found a shadowy altar of Dithmenos.
  5433 | D:6      | Found a sacrificial altar of Ru.
  5466 | D:6      | Killed from afar by an orc priest

Inventory:

Hand Weapons
 a - a +2 dagger of draining (weapon)
 b - a +0 trident
 j - the +4 falchion "Soegenk" {drain, rN++ MP-9 Str+4, unknown}
   (You found it on level 5 of the Dungeon)

   A truly terrible weapon, it drains the life of those it strikes.
   It affects your strength (+4).
   It greatly protects you from negative energy.
   It affects your magic capacity (-9).
Missiles
 h - 6 javelins (quivered)
Armour
 r - a +2 leather armour of cold resistance (worn)
 t - a +0 hat (worn)
Jewellery
 m - a ring of positive energy (right hand)
 v - a ring of protection from magic (left hand)
Wands
 n - a wand of paralysis (17)
Scrolls
 e - 2 scrolls of magic mapping
 k - 7 scrolls of identify
 q - 2 scrolls of remove curse
Potions
 f - 3 potions of brilliance
 l - a potion of agility
 o - a potion of flight {unknown}
 s - 3 potions of curing
Books
 c - a book of Minor Magic

   Spells                             Type                      Level
   a - Magic Dart                     Conjuration                  1
   b - Blink                          Translocation                2
   c - Call Imp                       Summoning                    2
   d - Repel Missiles                 Charms/Air                   2
   e - Slow                           Hexes                        2
   f - Conjure Flame                  Conjuration/Fire             3
   g - Mephitic Cloud                 Conjuration/Poison/Air       3
 g - a Grand Grimoire

   Spells                             Type                      Level
   a - Monstrous Menagerie            Summoning                    6
   b - Summon Greater Demon           Summoning                    7
   c - Malign Gateway                 Summoning/Translocation      7
   d - Summon Horrible Things         Summoning                    8
Comestibles
 d - 4 bread rations
 p - 4 meat rations


   Skills:
 - Level 1.5 Dodging
 - Level 3.0 Stealth
 + Level 4.8 Spellcasting
 - Level 5.3 Conjurations
 + Level 5.6 Summonings
   Level 1.0 Translocations
 - Level 3.0 Fire Magic


You had 10 spell levels left.
You knew the following spells:

 Your Spells              Type           Power        Failure   Level  Hunger
a - Magic Dart            Conj           ###.         1%          1    None
b - Call Imp              Summ           ###.....     2%          2    #......
c - Conjure Flame         Conj/Fire      ###.....     12%         3    ###....


Dungeon Overview and Level Annotations

Branches:
Dungeon (6/15)
 Temple: D:4-7

Altars:
Dithmenos
Nemelex Xobeh
Okawaru
Ru
Yredelemnul

Shops:
D:4 *


Innate Abilities, Weirdness & Mutations

You cannot wear boots.
Your serpentine skin is tough (AC +2).
You have supernaturally acute eyesight.
Armour fits poorly on your strangely shaped body.
Your system is resistant to poisons.
You cover ground very slowly.
You have a slow metabolism.
You can spit poison.

Vault maps used:
D:1:      lightli_arrival_chessboard
D:3:      yredelemnul_altar_generic
D:4:      serial_shops, shop_fountains
D:5:      okawaru_ov_weapons_minmay, first_bread, kb_lookout_dungeons_type,
          minmay_ogre_servants
D:6:      kennysheep_little_box, grunt_temple_overflow_cloverleaf,
          minmay_temple_entry_trees, gup_sewer_entry_spiral, uniq_edmund


Message History

Casting: Call Imp
Confirm with . or Enter, or press ? or * to list all spells.
Aiming: Conjure Flame
Press: ? - help, Dir - move target cursor The fire roars!
Your crimson imp hits the centaur skeleton.
The centaur skeleton closely misses your crimson imp.
Unknown command.
What do you say? t - Shout!
Orders for allies: a - Attack new target. r - Retreat! s - Stop attacking. w - Wait here. f - Follow me.
Anything else - Stay silent.
Gang up on whom?
Press: ? - help, Dir - move target cursor, f - centaur skeleton
Aim: a centaur skeleton Attack!
You hear a shout! x3
The centaur skeleton hits your crimson imp.
Your crimson imp hits the centaur skeleton.
Unknown command.
The centaur skeleton barely misses your crimson imp.
Your crimson imp hits the centaur skeleton.
The centaur skeleton hits your crimson imp.
Your crimson imp hits the centaur skeleton.
The centaur skeleton closely misses your crimson imp.
Your crimson imp hits the centaur skeleton.
The centaur skeleton is destroyed!
Your crimson imp hits the ogre.
The ogre hits your crimson imp with a giant spiked club!!
Your crimson imp dies!
Your shadow imp hits the ogre.
The ogre closely misses your shadow imp.
Your shadow imp hits the ogre.
The ogre hits your shadow imp with a giant spiked club!!
Your shadow imp dies!
You hear the brisk rusting of a distant drain.
Found a hand axe.
An orc comes into view. It is wielding a flail.
Found a scroll of identify. 2 orcs come into view.
Unknown command.
An orc priest comes into view. It is wielding a club.
The orc shouts!
Found a stone staircase leading down.
An orc comes into view.
Use which ability?
Press: ? - help, Shift-Dir - straight line, f - ogre
Aim: an ogre, wielding a giant spiked club (lightly wounded)
The splash of poison hits the ogre.
The ogre is poisoned.
The ogre is heavily wounded.
You feel slightly more hungry.
Unknown command.
Unknown command.
Read which item? (? for menu, Esc to quit)
Okay, then.
Unknown command.
Unknown command.
Casting: Conjure Flame
Confirm with . or Enter, or press ? or * to list all spells.
Aiming: Magic Dart
Press: ? - help, Shift-Dir - straight line, f/p - ogre
Aim: an ogre, wielding a giant spiked club (heavily wounded, poisoned)
The magic dart hits the ogre.
The ogre is severely wounded.
The orc shouts!
Unknown command.
Casting: Magic Dart
Confirm with . or Enter, or press ? or * to list all spells.
Aiming: Magic Dart
Press: ? - help, Shift-Dir - straight line, f/p - ogre
Aim: an ogre, wielding a giant spiked club (severely wounded, poisoned)
The magic dart hits the ogre.
The ogre is severely wounded.
Unknown command.
Casting: Magic Dart
Confirm with . or Enter, or press ? or * to list all spells.
Aiming: Magic Dart
Press: ? - help, Shift-Dir - straight line, f/p - ogre
Aim: an ogre, wielding a giant spiked club (severely wounded, poisoned)
The magic dart hits the ogre.
The ogre is severely wounded.
The ogre hits you with a giant spiked club!!
Unknown command.
Unknown command.
Casting: Magic Dart
Confirm with . or Enter, or press ? or * to list all spells.
Aiming: Magic Dart
Press: ? - help, Shift-Dir - straight line, f/p - ogre
Aim: an ogre, wielding a giant spiked club (severely wounded, poisoned)
The magic dart hits the ogre.
The ogre is almost dead.
The ogre looks more healthy.
The orc hits you with a falchion.
The ogre hits you with a giant spiked club!!
* * * LOW HITPOINT WARNING * * *
The orc priest calls down the wrath of Beogh upon you.
Something smites you!
You die...
Your body rises from the dead as a mindless zombie.

) ##...##.## ##.
#.8.8.#.#. . #..
#.._.(#.#. .. #.#
#.8...#.#. ...
#.#####..O'#.#' ....
#.....#####...# ...?>
#.##...O....⌠..
......####.###.#####...#
.....oo@O..# ### +#.#'
....oo###### #.#. ....o
#.#. .... #.#. ... #.##
## ... #.


You could see an ogre, an orc priest and 4 orcs.

Vanquished Creatures
  A black bear (D:3)
  3 ogres
  An ice beast (D:5)
  3 scorpions (D:4)
  5 orc wizards
  A centaur skeleton (D:4)
  2 orc priests (D:5)
  A worker ant (D:4)
  9 adders
  An ooze (D:3)
  An adder zombie (D:5)
  3 worms
  2 giant geckos
  8 orcs
  12 goblins
  4 hobgoblins
  A quokka (D:5)
  5 bats
  3 giant cockroaches
  5 giant newts
  3 kobolds
  6 rats
80 creatures vanquished.

Vanquished Creatures (collateral kills)
  A black bear (D:6)
  A centaur skeleton (D:6)
2 creatures vanquished.

Vanquished Creatures (others)
  A bush (D:5)
1 creature vanquished.

Grand Total: 83 creatures vanquished

Action                   |  1- 3 |  4- 6 |  7- 9 || total
-------------------------+-------+-------+-------++-------
Melee: Dagger            |    28 |    64 |    62 ||   154
       Spear             |     9 |       |       ||     9
       Trident           |       |       |    42 ||    42
 Cast: Magic Dart        |    49 |    32 |    35 ||   116
       Conjure Flame     |       |     2 |     6 ||     8
       Call Imp          |       |       |     5 ||     5
 Abil: Spit Poison       |    11 |    12 |    12 ||    35
  Use: Potion            |       |     1 |     5 ||     6
       Scroll            |       |     8 |     3 ||    11
 Stab: Sleeping          |     1 |     2 |       ||     3
       Distracted        |       |       |     1 ||     1
  Eat: Chunk             |     2 |     5 |     4 ||    11
       Pizza             |       |       |     2 ||     2

Action                   |  1- 3 |  4- 6 |  7- 9 || total
-------------------------+-------+-------+-------++-------
Melee: Dagger            |    28 |    64 |    62 ||   154
       Spear             |     9 |       |       ||     9
       Trident           |       |       |    42 ||    42
 Cast: Magic Dart        |    49 |    32 |    35 ||   116
       Conjure Flame     |       |     2 |     6 ||     8
       Call Imp          |       |       |     5 ||     5
 Abil: Spit Poison       |    11 |    12 |    12 ||    35
  Use: Potion            |       |     1 |     5 ||     6
       Scroll            |       |     8 |     3 ||    11
 Stab: Sleeping          |     1 |     2 |       ||     3
       Distracted        |       |       |     1 ||     1
  Eat: Chunk             |     2 |     5 |     4 ||    11
       Pizza             |       |       |     2 ||     2
